[Event "37th Belgrade Trophy 2024"]
[Site "Belgrade"]
[Date "2024.11.23"]
[Round "3"]
[White "Kerner, Michael"]
[Black "Taskovic, Stefan"]
[Result "1-0"]
[ECO "C42"]
[WhiteElo "2086"]
[BlackElo "1911"]
[Annotator "RC"]
[PlyCount "55"]
[EventDate "2024.11.23"]
[EventCountry "SRB"]
[SourceTitle "playchess.com"]
[Source "ChessBase"]
[SourceQuality "1"]
[TimeControl "40/5400+30:900+30"]

1. e4 e5 2. Nf3 Nf6 3. Nxe5 d6 4. Nf3 Nxe4 5. d4 d5 6. Bd3 Bd6 7. O-O O-O 8. c4 c6 9. Nc3 Nxc3 10. bxc3 dxc4 11. Bxc4 Bf5 12. Re1 Nd7 13. Bg5 Qa5 14. Nh4 Be6 15. Bxe6 Qxg5 16. Nf3 Qd8 17. Bb3 Qf6 18. a4 a5 19. Ra2 b5 20. Qd3 b4 21. Rae2 Nb6 22. cxb4 axb4 23. Ne5 c5 24. dxc5 Bxc5 25. Qb5 Bd6 26. Nxf7 Rxf7 27. Qxb6 Kf8 28. Re6 1-0

[Event "37th Belgrade Trophy 2024"]
[Site "Belgrade"]
[Date "2024.11.25"]
[Round "3.1"]
[White "Leftheriotis, Alexandros"]
[Black "Shchekachev, Andrei"]
[Result "1-0"]
[ECO "B00"]
[WhiteElo "2165"]
[BlackElo "2448"]
[Annotator "TA"]
[PlyCount "61"]
[EventDate "2024.11.23"]
[EventCountry "SRB"]
[SourceTitle "playchess.com"]
[Source "ChessBase"]
[SourceQuality "1"]
[TimeControl "40/5400+30:900+30"]

1. e4 Nc6 2. Nc3 Nf6 3. d4 d6 4. f3 e5 5. Nge2 exd4 6. Nxd4 Be7 7. Be3 O-O 8. Qd2 {[%emt 0:04:51] The position is equal.} Nxd4 9. Bxd4 Be6 10. O-O-O c6 11. g4 b5 12. Kb1 b4 13. Ne2 c5 14. Be3 Qa5 15. b3 d5 16. g5 $1 (16. Nf4 dxe4 17. Qe1 (17. Nxe6 fxe6 18. Qe1 exf3 $17) 17... exf3 18. Nxe6 fxe6 $17) 16... d4 17. Bf2 Nd7 ({Better is} 17... Ne8 $1 $11) 18. f4 $14 {[%emt 0:01:35] [#] Threatens to win with f5.} Bg4 19. Rg1 f5 {[%emt 0:00:06] A mistake that costs the game.} (19... Bh5 $16) 20. exf5 $18 Bxf5 21. Ng3 Bg4 22. Re1 Bd6 23. h3 Bxf4 24. Bc4+ Kh8 25. Qd3 Ne5 {[%emt 0:05:45] [#]} (25... Bxh3 $2 {too greedy.} 26. Rh1 Qd8 (26... Bxg5 $2 {perishes.} 27. Rxh3 h6 28. Qg6 $18) 27. Rxh3 $18) (25... Bxg5 $2 {is the wrong capture.} 26. hxg4 Qb6 (26... Rxf2 $2 27. Rh1 $18) 27. Re6 $18) (25... Be3 {is a better defense.}) 26. Rxe5 $1 Bxe5 27. hxg4 Rxf2 (27... g6 $142 28. Rh1 Qc7) 28. Rh1 g6 29. Qe4 {[%emt 0:00:44] White mates.} Re8 30. Qxg6 Re7 31. Qg8# {[%emt 0:00:05] Weighted Error Value: White=0.07 (flawless) /Black=0.52.  Loses game:     	---       	Black=1      Mistake:       	---       	Black=3      Inaccurate:     	White=2     	Black=2      OK:         	White=9     	Black=9      Best:        	White=5     	Black=3      Strong:       	White=2     	---} 1-0

[Event "37th Belgrade Trophy 2024"]
[Site "Belgrade"]
[Date "2024.11.25"]
[Round "3.2"]
[White "Bryakin, Mikhail"]
[Black "Chelushkina, Irina"]
[Result "*"]
[ECO "A12"]
[WhiteElo "2435"]
[BlackElo "2141"]
[Annotator "RC"]
[PlyCount "37"]
[EventDate "2024.11.23"]
[EventCountry "SRB"]
[SourceTitle "playchess.com"]
[Source "ChessBase"]
[SourceQuality "1"]
[TimeControl "40/5400+30:900+30"]

1. Nf3 d5 2. b3 Bf5 3. Bb2 Bc8 4. Bc1 Bf5 5. Bb2 e6 6. g3 h6 7. Bg2 Nf6 8. O-O Be7 9. d3 O-O 10. Nbd2 Bh7 11. c4 c6 12. a3 a5 13. Rc1 Nbd7 14. Rc2 Bd6 15. Qa1 Qe7 16. cxd5 cxd5 17. Nd4 Rfc8 18. Rxc8+ Rxc8 19. Rc1 *

[Event "37th Belgrade Trophy 2024"]
[Site "Belgrade"]
[Date "2024.11.25"]
[Round "3.2"]
[White "Stanojoski, Zvonko"]
[Black "Prudnikova, Svetlana"]
[Result "1-0"]
[ECO "A12"]
[WhiteElo "2401"]
[BlackElo "2129"]
[Annotator "TA"]
[PlyCount "99"]
[EventDate "2024.11.23"]
[EventCountry "SRB"]
[SourceTitle "playchess.com"]
[Source "ChessBase"]
[SourceQuality "1"]
[TimeControl "40/5400+30:900+30"]

1. Nf3 d5 2. b3 Bf5 3. Bb2 e6 4. g3 h6 5. Bg2 Nf6 6. O-O Be7 7. d3 O-O 8. Nbd2 Bh7 9. c4 c6 10. a3 a5 11. Rc1 Nbd7 12. Rc2 Bd6 13. Qa1 Qe7 14. cxd5 cxd5 15. Nd4 Rfc8 16. Rxc8+ Rxc8 17. Rc1 Rc5 18. a4 Qf8 19. Nb5 Rxc1+ 20. Qxc1 Bb4 21. Nf3 Qc5 22. Qd1 Bg6 23. h3 Nh5 24. Ne5 Nxe5 25. Bxe5 Qc8 26. Qa1 f6 (26... Qc2 $11) 27. Bc3 (27. Bc7 $14) 27... Bxc3 $11 28. Nxc3 Qc5 29. Kf1 Be8 {[%emt 0:03:20] Prevents Nb5.} 30. Bf3 f5 {[%emt 0:00:35] [#]} (30... g6 $11 {remains equal.}) 31. Bxh5 (31. Nb5 $1 $16) 31... Bxh5 $16 {[%emt 0:00:01][%mdl 4096] Endgame KQB-KQN} 32. Nb5 Qc2 33. Nd4 Qd2 34. g4 (34. Nxe6 $2 Qxe2+ 35. Kg1 Qxe6 $19) 34... fxg4 35. Nxe6 Kf7 $2 (35... d4 $1 $11 36. Qxd4 Qc1+ (36... Qd1+ $2 37. Kg2 $18) 37. Kg2 Qc6+ 38. Qe4 gxh3+ 39. Kxh3 Qxe4 40. dxe4 Bxe2) 36. hxg4 $18 (36. Qxg7+ Kxe6 37. hxg4 Bf7 $11) (36. Nxg7 Bg6 37. hxg4 Qf4 $19) 36... Kxe6 37. gxh5 {[%emt 0:00:03] KQ-KQ. White is a pawn up.} Qg5 38. Qc3 Qxh5 39. Qxg7 (39. Qxa5 $2 Qh1#) 39... Kd6 (39... Qh1+ {might work better.} 40. Qg1 Qxg1+ 41. Kxg1 d4) 40. Ke1 (40. Qxb7 $2 Qh1#) 40... Qh1+ 41. Kd2 h5 42. f4 (42. Qxb7 Qa1 $16) 42... h4 43. Qe5+ ({Much less strong is} 43. Qxb7 $6 Qa1 $18) 43... Kc6 44. f5 {[%emt 0:01:01] aiming for f6.} h3 45. f6 {[%emt 0:01:21] White threatens Qe6+ and mate.} Qf1 46. Qe8+ Kb6 $2 (46... Kc7) 47. f7 h2 48. Qb5+ ({Weaker is} 48. f8=R Qxf8 49. Qxf8 h1=Q 50. Qf6+ Kc7 51. Qe5+ Kc6 52. Qe6+ Kc7 53. Qe7+ Kb6 54. Qd6+ Ka7 55. Qc5+ Kb8 56. Qxa5 Qh6+ 57. Kc2 Qd6 $18) 48... Kc7 {[%emt 0:00:31] and ...Qf4+ would now be decisive} 49. Qxa5+ Kc6 50. Qb5+ 1-0

[Event "37th Belgrade Trophy 2024"]
[Site "Belgrade"]
[Date "2024.11.25"]
[Round "3.3"]
[White "Bryakin, Mikhail"]
[Black "Chelushkina, Irina"]
[Result "1-0"]
[ECO "D43"]
[WhiteElo "2435"]
[BlackElo "2141"]
[Annotator "TA"]
[PlyCount "45"]
[EventDate "2024.11.23"]
[EventCountry "SRB"]
[SourceTitle "playchess.com"]
[Source "ChessBase"]
[SourceQuality "1"]
[TimeControl "40/5400+30:900+30"]

1. d4 Nf6 2. c4 e6 3. Nc3 d5 4. Nf3 c6 5. Bg5 h6 6. Bh4 a6 (6... dxc4 $11 7. e4 g5) 7. e3 $14 b5 8. c5 Nbd7 {[%emt 0:01:18] White is slightly better.} 9. Bd3 Be7 10. O-O {[%emt 0:02:20] White is more active.} b4 (10... a5 $142) 11. Ne2 $16 Qc7 12. a3 bxa3 13. Rxa3 Nh5 14. Bxe7 Kxe7 15. Qc2 g5 16. Rfa1 g4 17. Nh4 Nb8 {[%emt 0:00:11] [#]} (17... Kf8 {was called for.} 18. b4 (18. Bxa6 Rxa6 19. Rxa6 Bxa6 $16) 18... Kg7) 18. Bg6 $1 Ng7 {[%emt 0:01:31] [#] White has a decisive advantage.} 19. e4 $1 Kd8 (19... Ke8 20. exd5) 20. exd5 cxd5 21. Bd3 Nc6 22. Qd2 ({Less strong is} 22. Bxa6 Rxa6 23. Rxa6 Nb4 $16) 22... Ne8 23. Bxa6 {[%emt 0:01:04] Black got outplayed after the opening.   Weighted Error Value: White=0.03 (flawless) /Black=0.21 (precise) .  Mistake:       	---       	Black=2      Inaccurate:     	---       	Black=1      OK:         	White=10    	Black=5} 1-0

[Event "37th Belgrade Trophy 2024"]
[Site "Belgrade"]
[Date "2024.11.25"]
[Round "3.3"]
[White "Stanojoski, Zvonko"]
[Black "Prudnikova, Svetlana"]
[Result "*"]
[ECO "D43"]
[WhiteElo "2401"]
[BlackElo "2129"]
[Annotator "RC"]
[PlyCount "35"]
[EventDate "2024.11.23"]
[EventCountry "SRB"]
[SourceTitle "playchess.com"]
[Source "ChessBase"]
[SourceQuality "1"]
[TimeControl "40/5400+30:900+30"]

1. d4 Nf6 2. c4 e6 3. Nc3 d5 4. Nf3 c6 5. Bg5 h6 6. Bh4 a6 7. e3 b5 8. c5 Nbd7 9. Bd3 Be7 10. O-O b4 11. Ne2 Qc7 12. a3 bxa3 13. Rxa3 Nh5 14. Bxe7 Kxe7 15. Qc2 g5 16. Rfa1 g4 17. Nh4 Nb8 18. Bg6 *

[Event "37th Belgrade Trophy 2024"]
[Site "Belgrade"]
[Date "2024.11.25"]
[Round "3.4"]
[White "Baghdasaryan, Davit"]
[Black "Sutormin, Danila"]
[Result "1/2-1/2"]
[ECO "B37"]
[WhiteElo "2121"]
[BlackElo "2394"]
[Annotator "TA"]
[PlyCount "157"]
[EventDate "2024.11.23"]
[EventCountry "SRB"]
[SourceTitle "playchess.com"]
[Source "ChessBase"]
[SourceQuality "1"]
[TimeControl "40/5400+30:900+30"]

1. e4 c5 2. Nf3 g6 3. d4 cxd4 4. Nxd4 Nc6 5. c4 Nf6 6. Nc3 d6 7. Nc2 Bg7 8. Be2 O-O 9. O-O Be6 10. Bd2 Nd7 11. Rb1 Rc8 12. b3 Nc5 13. f3 f5 14. b4 Nd7 15. Nd5 fxe4 16. fxe4 Rxf1+ 17. Qxf1 Nf6 18. Qf4 Ne5 19. Nce3 Kh8 20. h4 Qd7 21. Nxf6 Bxf6 22. h5 g5 23. Qf1 Qa4 24. Nd5 Bxd5 25. exd5 Qc2 26. Be3 Qe4 27. Bxa7 Ra8 (27... Nxc4 28. Rc1 b6 (28... b5 29. Qf3 $17) 29. Qf3 $15 (29. Rxc4 $2 $19)) 28. Bf2 Rxa2 29. Re1 Qf4 30. c5 {[%emt 0:01:55] [#]} Nd3 (30... Kg7 $1 $17 {Black wants to play ...g4.} 31. b5 (31. cxd6 exd6) 31... dxc5 32. Bxc5 Qe4) 31. g3 $1 $11 (31. Bxd3 $2 Rxf2 32. Qxf2 Bd4 $19 (32... Qxb4 $2 33. Kh1 $18)) 31... Qxf2+ 32. Qxf2 Nxf2 33. Kxf2 dxc5 34. bxc5 Bd4+ 35. Kf3 Bxc5 36. Rb1 $2 (36. h6 $11) 36... b6 $2 (36... g4+ $1 $19 37. Kxg4 Rxe2 38. Rxb7 Kg7) 37. Bb5 $15 Rd2 38. Ke4 Kg7 39. Rb3 g4 40. Bd7 Rd4+ 41. Ke5 Kh6 42. Rb1 (42. d6 $17 exd6+ (42... Bxd6+ $2 43. Kxd4 Kxh5 44. Kd5 $18) 43. Kf6) 42... Rc4 (42... Kxh5 43. Rh1+ Kg6 44. Bf5+ Kg5 45. Rxh7 $11) (42... Kg5 $1 $19 43. Rf1 Rb4 (43... Kxh5 44. Rh1+ Kg6 45. Bf5+ Kg5 46. Rxh7 $11) 44. Rf5+ Kh6) 43. Kf5 $17 {[%emt 0:01:04] [#]} Rd4 (43... Kxh5 44. Rh1#) (43... Bf2 $1 $17 44. Rb3 Kxh5) 44. Ke5 $19 Rd3 (44... Kxh5 45. Rh1+ Kg6 46. Bf5+ Kg7 47. Rxh7+ Kf8 48. Rh8+ Kf7 49. Rh7+ Kg8 50. Rh4 $15) (44... Kg5 $1 $19 45. Rf1 Rd3 (45... Kxh5 46. Rh1+ Kg6 47. Bf5+ Kg7 48. Rxh7+ Kg8 49. Rh4 $11) 46. Rf5+ Kh6) 45. Bxg4 Kg5 46. Bf5 Re3+ (46... Rxg3 47. Bxh7 Kxh5 48. Ke4 $15) 47. Be4 h6 $1 (47... Kxh5 48. Kf4 Rxe4+ (48... Kh6 49. Rh1+ Kg7 50. Rxh7+ Kf8 51. d6 $11) 49. Kxe4 $16) ({Don't do} 47... Rxg3 48. Bxh7 Kxh5 49. Bf5 $15) 48. Rf1 Rxg3 49. Bf3 b5 50. Ke4 {[%emt 0:00:15] [#]} b4 (50... Rh3 $1 $17 {Threatens to win with ...b4.} 51. Rc1 Rh4+ 52. Kd3 Rd4+ 53. Kc2 Kf4) 51. Rb1 (51. Rc1 $15 Bd6 52. Rf1) 51... Rh3 $19 52. Rb3 Rh4+ 53. Kd3 Kf4 54. Bd1 (54. Kc4 $17 Bd6 55. Rd3) 54... Bd6 55. Be2 Ke5 56. Bf3 Rh3 57. Kc4 Rh2 58. Kd3 Rf2 59. Kc4 Kf4 60. Bd1 Ke4 61. Rd3 Be5 (61... Rf8 $142 {( -> ...Rc8+)} 62. Bg4 e5) 62. Bb3 (62. Rh3 $142) 62... Bd6 63. Bd1 $1 Rf8 64. Rd4+ Ke5 65. Rd3 Rc8+ 66. Kb3 Kf4 67. Bc2 Ra8 68. Rd4+ Ke5 69. Rd3 Ra1 70. Kc4 Rc1 71. Kb3 Kf4 (71... Rg1 $17 72. Bd1 Rg2) 72. Rd1 $15 Rxd1 73. Bxd1 Ke3 74. Bg4 Kf4 75. Be6 Ke3 76. Bf7 Kf4 77. Be6 Ke3 (77... Kg5 $5 78. Bf7 $8 Kg4 $11) 78. Bf7 Kf4 79. Be6 1/2-1/2

[Event "37th Belgrade Trophy 2024"]
[Site "Belgrade"]
[Date "2024.11.25"]
[Round "3.5"]
[White "Xie, Jianjun"]
[Black "Karisik, Nenad"]
[Result "1-0"]
[ECO "C84"]
[WhiteElo "2361"]
[BlackElo "2119"]
[Annotator "TA"]
[PlyCount "61"]
[EventDate "2024.11.23"]
[EventCountry "SRB"]
[SourceTitle "playchess.com"]
[Source "ChessBase"]
[SourceQuality "1"]
[TimeControl "40/5400+30:900+30"]

1. e4 e5 2. Nf3 Nc6 3. Bb5 a6 4. Ba4 Nf6 5. d4 exd4 6. O-O Be7 7. Re1 O-O 8. e5 Ne8 9. c3 b5 10. Bb3 d5 11. cxd4 Bg4 12. Nc3 Bxf3 13. gxf3 Bb4 {[%emt 0:03:25] White is better.} 14. Bxd5 Bxc3 15. Bxc6 Bxe1 16. Qxe1 Rb8 {[%emt 0:03:50] Black is weak on the dark squares} 17. Qe4 {[%emt 0:10:37][%mdl 1024] White has strong compensation.} Rb6 18. Bd2 b4 19. Rc1 {[%emt 0:00:35] White is much more active. The black rooks are passive.} g6 (19... f6 $16) 20. d5 $18 Ng7 {[%emt 0:08:48] [#]} 21. Kh1 (21. Bxb4 $2 Qg5+ 22. Qg4 Qxc1+ $19) (21. h4 $1 $18) 21... Qe7 (21... Nf5 $16 22. Rc4 (22. Bxb4 Ne7 $18) 22... a5) 22. Be3 {[%emt 0:02:05] And now d6 would win. This pair of bishops is nice.} f5 $2 (22... Rbb8 $16 {is a better defense.} 23. h3 b3) 23. d6 Qf7 24. Qc4 Rxc6 (24... Qxc4 $142 25. Rxc4 Rxc6 26. Rxc6 cxd6 27. exd6 (27. Rxa6 dxe5 28. Bc5 Rb8 $14) 27... Rd8) 25. Qxf7+ Kxf7 $2 {[%emt 0:01:39] [#]} (25... Rxf7 {was called for.} 26. Rxc6 cxd6 27. exd6 (27. Rxa6 dxe5 28. Ra8+ Rf8 $18) 27... Rd7 28. Rxa6 Kf7) 26. Rxc6 {[%emt 0:00:06] KRB-KRN. White is clearly winning.} Ne6 27. dxc7 Rc8 28. Bb6 Ke7 29. Ba5 Kd7 30. Rd6+ Ke7 31. Rxa6 {[%emt 0:01:53] Weighted Error Value: White=0.33/Black=0.70.  Loses game:     	---       	Black=1      Mistake:       	White=1     	Black=4      Inaccurate:     	White=1     	---        OK:         	White=9     	Black=5      Best:        	White=2     	Black=1} 1-0

[Event "37th Belgrade Trophy 2024"]
[Site "Belgrade"]
[Date "2024.11.25"]
[Round "3.6"]
[White "Jandric, Damjan"]
[Black "Ivanovic, Marko"]
[Result "1/2-1/2"]
[ECO "B11"]
[WhiteElo "2110"]
[BlackElo "2297"]
[Annotator "RC"]
[PlyCount "106"]
[EventDate "2024.11.23"]
[EventCountry "SRB"]
[SourceTitle "playchess.com"]
[Source "ChessBase"]
[SourceQuality "1"]
[TimeControl "40/5400+30:900+30"]

1. e4 c6 2. Nf3 d5 3. Nc3 Bg4 4. h3 Bxf3 5. Qxf3 e6 6. g3 Nf6 7. Bg2 d4 8. Ne2 c5 9. e5 Nd5 10. c4 Nb6 11. d3 Nc6 12. Qe4 Be7 13. O-O Nd7 14. f4 Qa5 15. Rd1 O-O-O 16. Bd2 Qc7 17. a3 g5 18. b4 gxf4 19. gxf4 Rdg8 20. Kh2 Rg6 21. b5 Nd8 22. a4 Rhg8 23. Rg1 f6 24. exf6 Nxf6 25. Qf3 Bd6 26. a5 Qf7 27. a6 b6 28. Kh1 Ne8 29. Be1 Ng7 30. Bh4 Qc7 31. Qa8+ Qb8 32. Qe4 Nf5 33. Bxd8 Kxd8 34. Bf3 Ke7 35. Bg4 Ne3 36. Bh5 Rh6 37. Rxg8 Qxg8 38. Rg1 Qf8 39. Rg5 Nf5 40. Kg2 Bc7 41. Qc6 Bd6 42. Kf2 Qb8 43. Qe4 Rf6 44. Bg4 Nh6 45. Rg7+ Nf7 46. f5 h5 47. Bxh5 Rxf5+ 48. Bf3 Be5 49. Rh7 Qg8 50. Rh5 Ng5 51. Qb7+ Kd6 52. Qc6+ Ke7 53. Qb7+ Kf8 1/2-1/2

[Event "37th Belgrade Trophy 2024"]
[Site "Belgrade"]
[Date "2024.11.25"]
[Round "3.8"]
[White "Ughuzov, Ravan"]
[Black "Petrovic, Aleksa"]
[Result "1-0"]
[ECO "C41"]
[WhiteElo "2047"]
[BlackElo "2262"]
[Annotator "RC"]
[PlyCount "83"]
[EventDate "2024.11.23"]
[EventCountry "SRB"]
[SourceTitle "playchess.com"]
[Source "ChessBase"]
[SourceQuality "1"]
[TimeControl "40/5400+30:900+30"]

1. e4 e5 2. Nf3 d6 3. Nc3 Nf6 4. d4 exd4 5. Nxd4 Be7 6. Be2 O-O 7. O-O Re8 8. f4 c5 9. Nb3 Nc6 10. Be3 Be6 11. Bf3 Qd7 12. h3 Bc4 13. Re1 h6 14. Nd2 Ba6 15. Nf1 Bd8 16. Ng3 Nd4 17. Bxd4 cxd4 18. Nce2 Ba5 19. Nxd4 Bxe1 20. Qxe1 g6 21. Qd2 Qe7 22. Re1 Rad8 23. Qf2 Nh7 24. Qd2 Qf6 25. Nh1 Nf8 26. Nf2 Ne6 27. Nxe6 Rxe6 28. Ng4 Qh4 29. Kh2 h5 30. g3 Qe7 31. Ne3 Qf6 32. c3 Qg7 33. g4 hxg4 34. hxg4 Qh6+ 35. Kg3 g5 36. Nf5 gxf4+ 37. Kg2 Qg5 38. Rh1 d5 39. Rh5 Qf6 40. exd5 Ree8 41. Qxf4 Kf8 42. Rh6 1-0

[Event "37th Belgrade Trophy 2024"]
[Site "Belgrade"]
[Date "2024.11.25"]
[Round "3.9"]
[White "Martic, Ivan"]
[Black "Dorokhina, Elizaveta"]
[Result "1-0"]
[ECO "C62"]
[WhiteElo "2261"]
[BlackElo "2064"]
[Annotator "RC"]
[PlyCount "101"]
[EventDate "2024.11.23"]
[EventCountry "SRB"]
[SourceTitle "playchess.com"]
[Source "ChessBase"]
[SourceQuality "1"]
[TimeControl "40/5400+30:900+30"]

1. e4 e5 2. Nf3 Nc6 3. Nc3 Nf6 4. Bb5 d6 5. d4 exd4 6. Nxd4 Bd7 7. O-O Nxd4 8. Bxd7+ Qxd7 9. Qxd4 Be7 10. Rd1 O-O 11. e5 Ne8 12. Bf4 Qe6 13. Re1 dxe5 14. Bxe5 Bf6 15. Nd5 Bxe5 16. Rxe5 Qd6 17. Rd1 Kh8 18. Rd3 Nf6 19. Nxf6 Qxf6 20. Qe4 Rad8 21. Rxd8 Qxd8 22. g3 b6 23. Qc6 Kg8 24. Rd5 Qa8 25. Qxa8 Rxa8 26. Rd7 Rc8 27. Kg2 Kf8 28. Kf3 Ke8 29. Rd3 Ke7 30. h4 h5 31. Kf4 Kf6 32. Rc3 c5 33. Rd3 Rc6 34. Rd7 a6 35. Ke3 b5 36. b3 Re6+ 37. Kd3 Re7 38. Rxe7 Kxe7 39. Ke4 Ke6 40. c3 a5 41. c4 f5+ 42. Kf4 bxc4 43. bxc4 Kf6 44. a4 g6 45. f3 Ke6 46. Kg5 Kf7 47. Kh6 f4 48. gxf4 Kf6 49. Kh7 Kf7 50. f5 gxf5 51. f4 1-0

[Event "37th Belgrade Trophy 2024"]
[Site "Belgrade"]
[Date "2024.11.25"]
[Round "3.10"]
[White "Vulinovic, Radivoje"]
[Black "Gevorgyan, David Sh."]
[Result "1/2-1/2"]
[ECO "A04"]
[WhiteElo "2040"]
[BlackElo "2247"]
[Annotator "RC"]
[PlyCount "68"]
[EventDate "2024.11.23"]
[EventCountry "SRB"]
[SourceTitle "playchess.com"]
[Source "ChessBase"]
[SourceQuality "1"]
[TimeControl "40/5400+30:900+30"]

1. Nf3 Nf6 2. g3 c5 3. Bg2 Nc6 4. d4 cxd4 5. Nxd4 e5 6. Nxc6 dxc6 7. Qxd8+ Kxd8 8. Nc3 Kc7 9. Bd2 Bc5 10. h3 Be6 11. Rf1 Rad8 12. O-O-O b5 13. Kb1 Kb6 14. Bc1 Bd4 15. Bd2 Rd7 16. e3 Bc5 17. Bc1 Rhd8 18. Rxd7 Rxd7 19. Rd1 Rxd1 20. Nxd1 Bd5 21. f3 a5 22. g4 h5 23. Nc3 hxg4 24. hxg4 e4 25. Nxd5+ cxd5 26. c3 Kc6 27. Kc2 Kd6 28. Kd2 exf3 29. Bxf3 Ne4+ 30. Kd3 Nf2+ 31. Ke2 Ne4 32. Kd3 Nf2+ 33. Ke2 Ne4 34. Kd3 Nf2+ 1/2-1/2